 Dungeon Crawl Stone Soup version 0.30.1-11-g7821555f0a (webtiles) character file.

Game seed: 15460004456350580632

5742 jagang the Fighter (level 11, -2/133 HPs)
             Began as a Human Monk on Dec 22, 2023.
             Slain by a slime creature (11 damage)
             ... on level 9 of the Dungeon.
             The game lasted 00:21:56 (8770 turns).

jagang the Fighter (Human Monk)                     Turns: 8770, Time: 00:21:57

Health: -2/133     AC: 25    Str: 17    XL:     11   Next: 5%
Magic:  13/13      EV:  2    Int: 18    God:
Gold:   373        SH:  0    Dex: 21    Spells: 10/10 levels left

rFire   . . .        G - +9 dagger of Beogh's Inspiration {venom, *Noise Drain Int+8 Stlth+}
rCold   . . .        d - orb {light}
rNeg    . . .        F - melded +0 chain mail {Will+}
rPois   +            (helmet currently unavailable)
rElec   .            w - melded +1 cloak {Will+}
rCorr   .            (gloves currently unavailable)
SInv    .            v - melded +0 pair of boots
Will    .....        b - amulet of regeneration
Stlth   +            s - +6 ring of strength
HPRegen 1.22/turn    (no ring)
MPRegen 0.13/turn

%: no passive effects
@: tree-form, glowing
A: stationary, stasis, torment immunity, boosted hp
a: no special abilities


You were on level 9 of the Dungeon.
You were a tree.
You visited 2 branches of the dungeon, and saw 10 of its levels.

You collected 373 gold pieces.

Inventory:

Hand Weapons
 y - a +0 long sword
 G - the +9 dagger of Beogh's Inspiration (weapon) {venom, *Noise Drain Int+8 Stlth+}
   (You found it on level 5 of the Dungeon)

   Int:       It affects your intelligence (+8).
   *Noise:    It may make noises in combat.
   Drain:     It drains your maximum health when unequipped.
   Stlth:     It makes you more stealthy.
 L - a +0 heavy long sword
Missiles
 C - 4 poisoned darts (quivered)
Armour
 d - an orb of light (worn)
 r - the +1 robe of Qazlal's Envy {Dex+5}
   (You found it on level 2 of the Dungeon)

   Dex:       It affects your dexterity (+5).
 v - a +0 pair of boots (melded)
 w - a +1 cloak of willpower (melded)
 F - a +0 chain mail of willpower (melded)
Jewellery
 b - an amulet of regeneration (around neck)
 k - a ring of fire
 s - a +6 ring of strength (left branch)
Wands
 j - a wand of flame (10)
 z - a wand of light (3)
 E - a wand of paralysis (11)
 O - a wand of mindburst (19)
Scrolls
 e - 4 scrolls of amnesia
 f - 2 scrolls of fear
 g - a scroll of noise
 h - 2 scrolls of enchant armour
 m - a scroll of butterflies
 p - 2 scrolls of vulnerability
 t - 2 scrolls of fog
 u - 2 scrolls of brand weapon {unknown}
 x - 2 scrolls of enchant weapon {unknown}
 A - 6 scrolls of teleportation {unknown}
 B - a scroll of immolation
 H - 4 scrolls of magic mapping {unknown}
 K - a scroll of poison {unknown}
 M - a scroll of silence {unknown}
 P - 3 scrolls of blinking {unknown}
Potions
 c - a potion of ambrosia
 i - a potion of lignification
 l - 2 potions of mutation {unknown}
 n - 2 potions of haste {unknown}
 o - 2 potions of might {unknown}
 q - 3 potions of heal wounds {unknown}
 D - a potion of flight {unknown}
 J - 3 potions of curing


   Skills:
 * Level 9.5 Fighting
 * Level 9.5 Long Blades
 - Level 5.1 Throwing
 * Level 7.1 Armour
 - Level 3.0 Dodging
 + Level 3.0 Invocations


You had 10 spell levels left.
You didn't know any spells.
Your spell library contained the following spells:

 Spells                   Type           Power      Damage    Failure   Level
 Ensorcelled Hibernation  Hex/Ice        0%         N/A       32%         2
 Passwall                 Tmut/Erth      0%         N/A       32%         2
 Ozocubu's Armour         Ice            0%         N/A       54%         3
 Swiftness                Air            0%         N/A       54%         3
 Leda's Liquefaction      Hex/Erth       0%         N/A       91%         4
 Lee's Rapid Deconstruct  Erth           0%         3d4*      99%         5
 Conjure Ball Lightning   Conj/Air       0%         3x3d6     100%        6
 Statue Form              Tmut/Erth      0%         N/A       100%        6
 Ozocubu's Refrigeration  Ice            0%         4d7       100%        7
 Discord                  Hex            0%         N/A       100%        8
 Disjunction              Tloc           0%         N/A       100%        8


Dungeon Overview and Level Annotations

Branches:
Dungeon (9/15)             Temple (1/1) D:5             Orc (0/2) D:9
   Lair: D:8-11

Altars:
Ashenzari
Dithmenos
Elyvilon
Fedhas
Gozag
Hepliaklqana
Kikubaaqudgha
Ru
Sif Muna
Trog
Uskayaw
Vehumet
Wu Jian
Xom
Yredelemnul
Zin


Message History

You feel less strong-willed. x2; Your roots penetrate the ground.
The slime creature hits you but does no damage.
The large slime creature hits you.
* * * LOW HITPOINT WARNING * * *
You puncture the large slime creature!
The large slime creature is lightly wounded.
You hit the large slime creature.
The large slime creature is lightly wounded.
The slime creature hits you but does no damage.
The large slime creature hits you.
* * * LOW HITPOINT WARNING * * *
You hit the large slime creature.
The large slime creature is lightly wounded.
The slime creature hits you but does no damage.
The large slime creature hits you but does no damage.
You hit the large slime creature.
The large slime creature is poisoned.
The large slime creature is lightly wounded.
The slime creature hits you but does no damage.
A large slime creature splits.
You hit the slime creature.
The slime creature is moderately wounded.
You hit the slime creature.
The slime creature is moderately wounded.
The slime creature hits you.
* * * LOW HITPOINT WARNING * * *
The slime creature hits you but does no damage.
The slime creature hits you.
* * * LOW HITPOINT WARNING * * *
You hit the slime creature.
The slime creature is heavily wounded.
The slime creature hits you.
* * * LOW HITPOINT WARNING * * *
The slime creature barely misses you.
The slime creature completely misses you.
You hit the slime creature.
The slime creature is heavily wounded.
You puncture the slime creature!
The slime creature is moderately wounded.
The slime creature hits you!
You die...

### ..# ##########
..# #......J♣# ..#
#......JJ# ..#
#........# ..#
#...[....# ..#
###........# ..#
#..........# ..#
##.#....(...#
..####..#........#
..#....##........#


You could see 3 slime creatures.

Vanquished Creatures
  A two-headed ogre (D:9)
  Maurice (D:8)
  Maggie (D:6)
  A hornet (D:9)
  A wyvern (D:9)
  6 yaks
  Eustachio (D:5)
  A water moccasin (D:9)
  6 orc warriors
  2 ice beasts (D:6)
  A black bear (D:5)
  2 sky beasts (D:6)
  3 centaurs
  An ogre (D:5)
  4 scorpions
  3 killer bees (D:9)
  A howler monkey (D:5)
  An electric eel (D:9)
  2 jellies (D:6)
  8 orc priests
  A hound (D:6)
  A sleepcap (D:6)
  Terence (D:2)
  3 iguanas
  24 orc wizards
  4 gnolls
  5 adders
  2 shadow imps (D:7)
  2 white imps
  9 worms
  3 dart slugs
  43 orcs
  9 ball pythons
  5 endoplasms
  9 giant cockroaches
  9 goblins
  6 hobgoblins
  8 jackals
  4 quokkas
  8 bats
  3 frilled lizards
  8 kobolds
  5 rats
219 creatures vanquished.

Notes
Turn   | Place    | Note
-------+----------+-------------------------------------------
     0 | D:1      | jagang the Human Monk began the quest for the Orb.
     0 | D:1      | Reached XP level 1. HP: 18/18 MP: 1/1
    98 | D:1      | Reached XP level 2. HP: 24/24 MP: 2/2
   228 | D:1      | Reached skill level 1 in Armour
   486 | D:1      | Reached XP level 3. HP: 25/29 MP: 3/3
  1298 | D:2      | Reached XP level 4. HP: 35/35 MP: 4/4
  1384 | D:2      | Identified the +1 robe of Qazlal's Envy {Dex+5}
  1821 | D:2      | Noticed Terence
  1832 | D:2      | Killed Terence
  1833 | D:2      | Reached XP level 5. HP: 29/42 MP: 5/5
  2546 | D:3      | Reached skill level 1 in Throwing
  2780 | D:3      | Reached XP level 6. HP: 48/48 MP: 6/6
  3206 | D:4      | Found a broken altar of Ashenzari.
  3208 | D:4      | You fall into a shaft and drop 1 floor!
  3208 | D:5      | Entered Level 5 of the Dungeon
  3332 | D:5      | Noticed Eustachio
  3335 | D:5      | Noticed an ogre
  3347 | D:5      | Killed an ogre
  3396 | D:5      | Killed Eustachio
  3397 | D:5      | Reached skill level 5 in Fighting
  3397 | D:5      | Reached XP level 7. HP: 48/56 MP: 7/7
  3448 | D:5      | Found a staircase to the Ecumenical Temple.
  3457 | Temple   | Entered the Ecumenical Temple
  3734 | D:5      | Reached skill level 5 in Long Blades
  3955 | D:5      | Reached XP level 8. HP: 47/64 MP: 8/8
  4374 | D:5      | Identified the +9 dagger of Beogh's Inspiration {venom,
                  | *Noise Drain Int+8 Stlth+}
  5722 | D:6      | Reached XP level 9. HP: 48/71 MP: 9/9
  5809 | D:6      | Found a radiant altar of Vehumet.
  5947 | D:6      | Found a white marble altar of Elyvilon.
  6104 | D:6      | Noticed Maggie
  6121 | D:6      | Killed Maggie
  6395 | D:7      | Reached skill level 5 in Armour
  7508 | D:8      | Noticed Maurice
  7524 | D:8      | Killed Maurice
  7525 | D:8      | Reached XP level 10. HP: 75/80 MP: 10/10
  7615 | D:8      | Reached skill level 5 in Throwing
  7725 | D:9      | Noticed a two-headed ogre
  7739 | D:9      | Killed a two-headed ogre
  7740 | D:9      | Reached skill level 1 in Invocations
  7925 | D:9      | Found a sacrificial altar of Ru.
  8326 | D:9      | Reached XP level 11. HP: 74/89 MP: 13/13
  8477 | D:9      | Found a staircase to the Orcish Mines.
  8770 | D:9      | Slain by a slime creature

Illustrated notes

Levels and vault maps discovered:
D:1:      dpeg_arrival_arbitrary_a, layout_basic, serial_glass, glass_columns_b,
          glass_columns_c, glass_columns_a, glass_columns_a, glass_columns_a,
          glass_columns_b
D:2:      minmay_door_path, layout_loops_corners, uniq_terence
D:3:      layout_basic, minmay_misc_feat_doors
D:4:      layout_loops_corners, mainiacjoe_overflow_surrounded_room
D:5:      layout_basic, minmay_temple_entry_butterflies, nicolae_wormholes,
          uniq_eustachio
D:6:      nicolae_cairo_tiling_large_dashed, layout_basic, elyvilon_altar_1,
          old_standard_altar, minmay_a_box_with_orc_wizards_in_it, uniq_maggie
D:7:      layout_basic, roderic_serpentine_path
D:8:      layout_basic, marbit_many_paths, mainiacjoe_overflow_alcove_4,
          kennysheep_potato, uniq_maurice
D:9:      layout_roguey, nicolae_ru_sacrificial_ziggurat, erik_orc_2
Temple:   minmay_temple_bridge_abc

Skill      XL: |  1  2  3  4  5  6  7  8  9 10 11 |
---------------+----------------------------------+-----
Armour         | 1 2 3 4 5 7 |  7.1
Long Blades    | 4 5 6 8 9 |  9.5
Fighting       | 4 5 6 8 9 |  9.5
Throwing       | 1 2 3 4 5 |  5.1
Invocations    | 2 3 |  3.0
Dodging        | |  3.0

Action                     |  1- 3 |  4- 6 |  7- 9 | 10-12 || total
---------------------------+-------+-------+-------+-------++-------
  Melee: Falchion          |   106 |    36 |       |       ||   142
         Long sword        |       |    78 |    76 |       ||   154
         Dagger            |       |    22 |   182 |   178 ||   382
  Throw: Boomerang         |       |    33 |    11 |     1 ||    45
         Dart              |       |       |     5 |    18 ||    23
    Use: Scroll            |       |     5 |       |     5 ||    10
         Potion            |       |     1 |       |     4 ||     5
   Stab: Sleeping          |       |       |     2 |       ||     2
         Distracted        |       |       |     1 |       ||     1
 Armour: Robe              |     7 |    30 |    42 |       ||    79
         Ring mail         |    14 |     4 |       |       ||    18
         Chain mail        |       |       |     3 |    59 ||    62
         Skin              |       |       |       |    21 ||    21
  Dodge: Dodged            |    64 |    98 |   151 |    61 ||   374
